 Dungeon Crawl Stone Soup version 0.32-a0-470-g255bbe2f98 (webtiles) character file.

Game seed: 17697688402482037268

52 vmvhnmv the Covered (level 3, -6/33 HPs)
             Began as a Minotaur Fighter on Feb 25, 2024.
             Mangled by a gnoll
             ... wielding a +0 flail
              (8 damage)
             ... on level 2 of the Dungeon.
             The game lasted 00:02:09 (1018 turns).

vmvhnmv the Covered (Minotaur Fighter)              Turns: 1018, Time: 00:02:10

Health: -6/33      AC:  7    Str: 22    XL:     3   Next: 60%
Magic:  2/2        EV:  9    Int:  5    God:
Gold:   36         SH:  4    Dex:  9    Spells: 2/2 levels left

rFire   . . .        a - +1 war axe
rCold   . . .        c - +0 buckler
rNeg    . . .        b - +0 scale mail
rPois   .            (helmet restricted)
rElec   .            (no cloak)
rCorr   .            (no gloves)
SInv    .            (no boots)
Will    +....        i - amulet of regeneration Stlth
                     (no ring)
HPRegen 1.05/turn    (no ring)
MPRegen 0.08/turn

%: no passive effects
@: enlightened, flying
A: horns 2, retaliatory headbutt
a: no special abilities


You were on level 2 of the Dungeon.
You visited 1 branch of the dungeon, and saw 3 of its levels.

You collected 36 gold pieces.

Inventory:

Hand Weapons
 a - a +1 war axe (weapon)
Armour
 b - a +0 scale mail (worn)
 c - a +0 buckler (worn)
Jewellery
 i - an amulet of regeneration (around neck)
Potions
 d - 2 potions of might
 f - 2 potions of attraction
 g - a potion of mutation {unknown}
 h - a potion of curing {unknown}
 j - a potion of experience {unknown}


   Skills:
 + Level 4.0 Fighting
 + Level 3.1 Axes
 + Level 4.1 Armour
 + Level 1.3 Dodging
 + Level 4.0 Shields


You had 2 spell levels left.
You didn't know any spells.
Your spell library contained the following spells:

 Spells                   Type           Power      Damage    Failure   Level
 Hailstorm                Conj/Ice       0%         3d5       99%         3
 Summon Ice Beast         Ice/Summ       0%         N/A       99%         3
 Summon Blazeheart Golem  Fire/Summ      0%         N/A       100%        4
 Summon Forest            Summ/Tloc      0%         N/A       100%        5
 Summon Mana Viper        Hex/Summ       0%         N/A       100%        5
 Sculpt Simulacrum        Ice/Alch       0%         N/A       100%        6
 Summon Cactus Giant      Summ           0%         N/A       100%        6
 Orb of Destruction       Conj           0%         9d5       100%        7
 Spellforged Servitor     Conj/Summ      0%         N/A       100%        7


Dungeon Overview and Level Annotations

Branches:
Dungeon (3/15)

Altars:


Innate Abilities, Weirdness & Mutations

You have a pair of horns on your head.
You reflexively headbutt those who attack you in melee.


Message History

Unknown command.
Unknown command.
You completely miss the gnoll. Your headbutt misses the gnoll.
The gnoll hits you from afar with a +0 halberd!
You block the gnoll's attack.
Unknown command.
Unknown command.
The gnoll closely misses you.
The gnoll hits you from afar with a +0 halberd!
You climb upwards.
There is a stone staircase leading down here.
You barely miss the gnoll. You block the gnoll's attack.
The gnoll hits you but does no damage.
You barely miss the gnoll. You headbutt the gnoll.
The gnoll is lightly wounded.
You block the gnoll's attack.
You closely miss the gnoll.
The gnoll is lightly wounded.
The gnoll closely misses you. You furiously retaliate!
You headbutt the gnoll. The gnoll hits you with a +0 flail!
Unknown command.
You closely miss the gnoll.
The gnoll is moderately wounded.
The gnoll hits you with a +0 flail!
* * * LOW HITPOINT WARNING * * *
You closely miss the gnoll. You headbutt the gnoll.
The gnoll is moderately wounded.
You block the gnoll's attack.
Unknown command.
Unknown command.
You hit the gnoll. Your headbutt misses the gnoll.
The gnoll is severely wounded.
The gnoll hits you with a +0 flail.
* * * LOW HITPOINT WARNING * * *
The gnoll hits you but does no damage.
Unknown command.
It was a potion of enlightenment.
You feel very buoyant.
You fly up into the air.
The gnoll hits you with a +0 flail!
You die...

###....###...###.#
###....####......#
#.)......#..#....#
#####.###....#b#####.######
......###.##...###...)....#
#######...##.....#........#
# ###..####.b##..........#
#...## ##.####..#######
####.### ###...g@...#
#....# #......##.######
..#### #.#..#.##......##
### #b#.##..........##
#b#b###..........# #b#.#
#..........# #####b#.#
#....†.....#


#bbbbb..# #..........# ##b#b..### #..........# You could see a gnoll.

Vanquished Creatures
  A ribbon worm (D:2)
  3 ball pythons
  3 endoplasms
  4 giant cockroaches (D:1)
  10 goblins
  5 hobgoblins (D:1)
  3 jackals (D:2)
  3 quokkas (D:1)
  2 bats (D:1)
  A frilled lizard (D:1)
  2 kobolds (D:1)
  6 rats
43 creatures vanquished.

Notes
Turn   | Place    | Note
-------+----------+-------------------------------------------
     0 | D:1      | vmvhnmv the Minotaur Fighter began the quest for the Orb.
     0 | D:1      | Reached XP level 1. HP: 19/19 MP: 0/0
   123 | D:1      | Reached XP level 2. HP: 27/27 MP: 1/1
   264 | D:1      | Reached skill level 1 in Dodging
   288 | D:1      | Reached XP level 3. HP: 33/33 MP: 2/2
  1017 | D:2      | HP: 1/33 [gnoll/+0 flail (5)]
  1018 | D:2      | Mangled by a gnoll

Illustrated notes

Levels and vault maps discovered:
D:1:      noname_arrival_rooms_in_the_neighbourhood, layout_rooms
D:2:      layout_rooms
D:3:      layout_loops_ring, lemuel_tele_altar, grunt_temple_overflow_open,
          nicolae_ecumenical_snake_handling, corexii_hall_statues_l,
          hangedman_decor_peaks_small, hellmonk_no_cap, uniq_robin,
          uniq_crazy_yiuf_cottage, uniq_terence

Skill      XL: |  1  2  3 |
---------------+----------+-----
Dodging        | 1 |  1.3
Armour         | 4 |  4.1
Shields        | 4 |  4.0
Fighting       | 4 |  4.0
Axes           | 3 |  3.1

Action                     || total
---------------------------++-------
  Melee: War axe           ||    75
         Headbutt          ||    11
    Use: Scroll            ||     6
         Potion            ||     1
 Armour: Scale mail        ||    60
  Dodge: Dodged            ||    42
  Block: Buckler           ||    14

Table legend: (Time is in decaauts)
 A = Elapsed time spent in this place.
 B = Non-inter-level travel time spent in this place.
 C = Inter-level travel time spent in this place.
 D = Time resting spent in this place.
 E = Time spent auto-exploring this place.
 F = Levels seen in this place.
 G = Mean time per level.
                   A        B        C        D        E       F      G
               +--------+--------+--------+--------+--------+-----+--------+
         Total |   1048 |   1021 |     27 |      2 |    778 |   3 |  349.3 |
       Dungeon |   1048 |   1021 |     27 |      2 |    778 |   3 |  349.3 |
               +--------+--------+--------+--------+--------+-----+--------+

Top non-repeatable levels by time:
     D:2: 542 daAuts
     D:1: 496 daAuts
     D:3: 9 daAuts
